 Dungeon Crawl Stone Soup version 0.31-a0-4-gefa6de2278 (webtiles) character file.

Game seed: 12376091954115686080

117 retardedninja the Firebug (level 5, 0/37 HPs)
             Began as a Gnoll Fire Elementalist on May 4, 2023.
             Slain by an orc
             ... wielding a +0 dagger
              (4 damage)
             ... on level 3 of the Dungeon.
             The game lasted 00:02:30 (2332 turns).

retardedninja the Firebug (Gnoll Fire Elementalist) Turns: 2332, Time: 00:02:32

Health: 0/37       AC:  2    Str:  7    XL:     5   Next: 1%
Magic:  10/12      EV: 13    Int: 17    God:
Gold:   53         SH:  0    Dex: 12    Spells: 11/14 levels left

rFire   . . .        o - +0 short sword (venom)
rCold   . . .        (no shield)
rNeg    . . .        a - +0 robe
rPois   .            (no helmet)
rElec   .            (no cloak)
rCorr   .            (no gloves)
SInv    .            (no boots)
Will    .....        (no amulet)
Stlth   +++          (no ring)
HPRegen 0.26/turn    (no ring)
MPRegen 0.13/turn

%: no passive effects
@: attractive
A: fangs 1, strong nose, distributed training
a: no special abilities


You were on level 3 of the Dungeon.
You visited 1 branch of the dungeon, and saw 3 of its levels.

You collected 53 gold pieces.

Inventory:

Hand Weapons
 e - a +0 hand axe
 o - a +0 short sword of venom (weapon)
Armour
 a - a +0 robe (worn)
Scrolls
 c - 2 scrolls of teleportation {unknown}
 d - 4 scrolls of identify {unknown}
 f - a scroll of immolation {unknown}
 g - a scroll of noise {unknown}
 j - a scroll of magic mapping {unknown}
 k - a scroll of fog {unknown}
 l - a scroll of poison {unknown}
Potions
 h - a potion of flight {unknown}
 m - a potion of cancellation {unknown}
 n - a potion of curing {unknown}


   Skills:
 + Level 1.4 Fighting
 + Level 1.4 Short Blades
 + Level 1.4 Long Blades
 + Level 1.4 Axes
 + Level 1.4 Maces & Flails
 + Level 1.4 Polearms
 + Level 1.4 Staves
 + Level 1.4 Ranged Weapons
 + Level 1.4 Throwing
 + Level 1.4 Armour
 + Level 4.7 Dodging
 + Level 4.3 Stealth
 + Level 1.4 Shields
 + Level 1.4 Unarmed Combat
 + Level 5.1 Spellcasting
 + Level 2.3 Conjurations
 + Level 1.1 Hexes
 + Level 1.1 Summonings
 + Level 1.1 Necromancy
 + Level 1.1 Translocations
 + Level 1.1 Transmutations
 + Level 5.5 Fire Magic
 + Level 1.1 Ice Magic
 + Level 1.1 Air Magic
 + Level 1.1 Earth Magic
 + Level 1.1 Poison Magic
 + Level 1.5 Invocations
 + Level 1.4 Evocations


You had 11 spell levels left.
You knew the following spells:

 Your Spells              Type           Power      Damage    Failure   Level
a - Foxfire               Conj/Fire      68%        2x1d7     2%          1
b - Scorch                Fire           46%        2d7       2%          2

Your spell library contained the following spells:

 Spells                   Type           Power      Damage    Failure   Level
 Apportation              Tloc           16%        N/A       9%          1
 Necrotise                Necr           32%        1d5       9%          1
 Summon Small Mammal      Summ           32%        N/A       9%          1
 Inner Flame              Hex/Fire       15%        N/A       11%         3
 Volatile Blastmotes      Fire/Tloc      30%        2d12      11%         3
 Flame Wave               Conj/Fire      17%        2d7       26%         4


Dungeon Overview and Level Annotations

Branches:
Dungeon (3/15)

Altars:
Uskayaw

Shops:
D:1 (


Innate Abilities, Weirdness & Mutations

You have very sharp teeth.
Your uncanny sense of smell can sniff out nearby items.
Your experience applies equally to all skills.


Message History

The worm is lightly wounded.
The worm bites you!
You hit the worm.
The worm looks as sick as possible!
The worm is moderately wounded.
An orc comes into view. It is wielding a +0 dagger.
The orc shouts!
You hit the worm but do no damage.
The worm looks as sick as possible!
The worm is moderately wounded.
The worm bites you!
* * * LOW HITPOINT WARNING * * *
You hit the worm.
The worm is heavily wounded.
The worm bites you.
* * * LOW HITPOINT WARNING * * *
Unknown command.
Casting: Scorch (safe; 2% risk of failure)
Confirm with . or Enter, or press ? or * to list all spells.
Flames lash the goblin.
You kill the goblin!
It was a potion of attraction.
You feel attractive to monsters.
An adder comes into view.
The worm barely misses you. The orc is attracted toward you.
The adder is attracted toward you.
Casting: Scorch (safe; 2% risk of failure)
Confirm with . or Enter, or press ? or * to list all spells.
You don't have enough magic to cast this spell.
Unknown command.
Magic courses through your body.
You kill the worm!
The adder is attracted toward you.
You have reached level 5!
Casting: Scorch (safe; 2% risk of failure)
Confirm with . or Enter, or press ? or * to list all spells.
Flames lash the orc.
The orc is moderately wounded.
The orc's fire resistance burns away.
The adder hisses angrily.
You hear a shout!
The orc hits you with a +0 dagger.
You die...

∆ ###
#########.###########..
#..[.........[)@o..§...
#.......##.###.S)######
#.......##..##$..#
#......<#####8..§8#
####.#### ##...## #.
#...# # #...# 8...8


You could see an adder and an orc (combustible).

Vanquished Creatures
  An orc wizard (D:3)
  5 adders (D:2)
  An ufetubus (D:3)
  A worm (D:3)
  3 orcs (D:3)
  3 bats
  5 endoplasms
  2 goblins
  3 hobgoblins
  A quokka (D:1)
  5 ball pythons
  2 frilled lizards (D:1)
  3 kobolds
  5 rats
40 creatures vanquished.

Vanquished Creatures (others)
  162 foxfires
162 creatures vanquished.

Grand Total: 202 creatures vanquished

Notes
Turn   | Place    | Note
-------+----------+-------------------------------------------
     0 | D:1      | retardedninja the Gnoll Fire Elementalist began the quest
                  | for the Orb.
     0 | D:1      | Reached XP level 1. HP: 13/13 MP: 6/6
   334 | D:1      | Found Huecane's Antique Weapon Emporium.
   353 | D:1      | Reached XP level 2. HP: 19/19 MP: 4/7
   798 | D:1      | Found a faded altar of an unknown god.
  1010 | D:2      | Found a hide-covered altar of Uskayaw.
  1372 | D:2      | Reached skill level 5 in Spellcasting
  1372 | D:2      | Reached XP level 3. HP: 18/25 MP: 3/9
  1640 | D:2      | Reached skill level 1 in Invocations
  1859 | D:2      | Reached skill level 1 in Fighting
  1859 | D:2      | Reached skill level 1 in Short Blades
  1859 | D:2      | Reached skill level 1 in Long Blades
  1859 | D:2      | Reached skill level 1 in Axes
  1859 | D:2      | Reached skill level 1 in Maces & Flails
  1859 | D:2      | Reached skill level 1 in Polearms
  1859 | D:2      | Reached skill level 1 in Staves
  1859 | D:2      | Reached skill level 1 in Ranged Weapons
  1859 | D:2      | Reached skill level 1 in Throwing
  1859 | D:2      | Reached skill level 1 in Armour
  1859 | D:2      | Reached skill level 1 in Shields
  1859 | D:2      | Reached skill level 1 in Unarmed Combat
  1859 | D:2      | Reached skill level 1 in Evocations
  1929 | D:2      | Learned a level 2 spell: Scorch
  1998 | D:2      | Reached XP level 4. HP: 32/32 MP: 7/11
  2307 | D:3      | Reached skill level 1 in Hexes
  2307 | D:3      | Reached skill level 1 in Summonings
  2307 | D:3      | Reached skill level 1 in Necromancy
  2307 | D:3      | Reached skill level 1 in Translocations
  2307 | D:3      | Reached skill level 1 in Transmutations
  2307 | D:3      | Reached skill level 1 in Ice Magic
  2307 | D:3      | Reached skill level 1 in Air Magic
  2307 | D:3      | Reached skill level 1 in Earth Magic
  2307 | D:3      | Reached skill level 1 in Poison Magic
  2332 | D:3      | Reached XP level 5. HP: 3/37 MP: 12/12
  2332 | D:3      | Slain by an orc

Illustrated notes

Levels and vault maps discovered:
D:1:      dpeg_arrival_water_fire, layout_basic, serial_shops, shop,
          ebering_ecumenical_altar_mist
D:2:      layout_basic, basic_altar
D:3:      layout_rooms, nicolae_overflow_crystal_walls, serial_corexii_hall,
          corexii_hall_statues_i, corexii_hall_statues_deadend,
          chequers_hall_statues_wall_a, corexii_hall_statues_l,
          corexii_hall_statues_l, corexii_hall_statues_i, eino_tiny_chamber,
          serial_bayou_pond_c, minmay_distorted

Skill      XL: |  1  2  3  4 |
---------------+-------------+-----
Conjurations   | 2 |  2.3
Spellcasting   | 5 |  5.1
Invocations    | 1 |  1.5
Fighting       | 1 |  1.4
Short Blades   | 1 |  1.4
Long Blades    | 1 |  1.4
Axes           | 1 |  1.4
Maces & Flails | 1 |  1.4
Polearms       | 1 |  1.4
Staves         | 1 |  1.4
Ranged Weapons | 1 |  1.4
Throwing       | 1 |  1.4
Armour         | 1 |  1.4
Shields        | 1 |  1.4
Unarmed Combat | 1 |  1.4
Evocations     | 1 |  1.4
Hexes          | 1 |  1.1
Summonings     | 1 |  1.1
Necromancy     | 1 |  1.1
Translocations | 1 |  1.1
Transmutations | 1 |  1.1
Ice Magic      | 1 |  1.1
Air Magic      | 1 |  1.1
Earth Magic    | 1 |  1.1
Poison Magic   | 1 |  1.1
Dodging        | |  4.7
Stealth        | |  4.3
Fire Magic     | |  5.5

Action                     |  1- 3 |  4- 6 || total
---------------------------+-------+-------++-------
  Melee: Short sword       |       |    10 ||    10
   Cast: Foxfire           |    90 |    15 ||   105
         Scorch            |       |     6 ||     6
    Use: Potion            |       |     2 ||     2
 Armour: Robe              |     4 |       ||     4
  Dodge: Dodged            |    16 |    18 ||    34

Table legend: (Time is in decaauts)
 A = Elapsed time spent in this place.
 B = Non-inter-level travel time spent in this place.
 C = Inter-level travel time spent in this place.
 D = Time resting spent in this place.
 E = Time spent auto-exploring this place.
 F = Levels seen in this place.
 G = Mean time per level.
                   A        B        C        D        E       F      G
               +--------+--------+--------+--------+--------+-----+--------+
         Total |   2330 |   2316 |     14 |      0 |   1987 |   3 |  776.7 |
       Dungeon |   2330 |   2316 |     14 |      0 |   1987 |   3 |  776.7 |
               +--------+--------+--------+--------+--------+-----+--------+

Top non-repeatable levels by time:
     D:2: 1285 daAuts
     D:1: 1005 daAuts
     D:3: 38 daAuts
